 Dungeon Crawl Stone Soup version 0.29.0-4-gdea44cf6ec (webtiles) character file.

Game seed: 3465003852131287886

226 qw the Sneak (level 6, -8/37 HPs)
             Began as a Gargoyle Delver on Sept 10, 2022.
             Mangled by a mummy (14 damage)
             ... in an ossuary.
             The game lasted 00:00:32 (1245 turns).

qw the Sneak (Gargoyle Delver)                      Turns: 1245, Time: 00:00:32

Health: -8/37      AC:  9    Str: 18    XL:     6   Next: 1%
Magic:  6/6        EV: 11    Int: 10    God:
Gold:   13         SH:  5    Dex: 11    Spells: 5/5 levels left

rFire   . . .      SeeInvis .   Y - +0 hand axe
rCold   . . .      Faith    .   (no shield)
rNeg    + . .      Spirit   .   h - +0 ring mail
rPois   inf        Reflect  +   (no helmet)
rElec   +          Harm     .   (no cloak)
rCorr   .          Rampage  .   (no gloves)
Will    .....                   (no boots)
Stlth   ++........              b - amulet of reflection
HPRegen 0.12/turn               (no ring)
MPRegen 0.10/turn               (no ring)

@: no status effects
A: sickness immunity, AC +4, negative energy resistance 1, electricity
resistance, torment resistance 1, petrification resistance
a: no special abilities


You were in an ossuary.
You visited 1 branch of the dungeon, and saw 2 of its levels.
You also visited: Ossuary.

You collected 13 gold pieces.


Innate Abilities, Weirdness & Mutations

You are immune to sickness and miasma.
Your stone body is resilient. (AC +4)
You are immune to poison.
You resist negative energy. (rN+)
You are resistant to electric shocks. (rElec)
You are resistant to unholy torment.
You are immune to petrification.


   Skills:
 + Level 3.5 Fighting
 - Level 5.0 Axes
 - Level 1.8 Armour
 - Level 1.5 Dodging
 - Level 5.4 Stealth


You had 5 spell levels left.
You didn't know any spells.
Your spell library was empty.

Inventory:

Hand Weapons
 Y - a +0 hand axe (weapon)
Armour
 h - a +0 ring mail (worn)
Jewellery
 b - an amulet of reflection (around neck)
Wands
 g - a wand of digging (3)
Scrolls
 a - a scroll of identify
Potions
 f - 2 potions of haste

Dungeon Overview and Level Annotations

Branches:
Dungeon (5/15)            Ossuary (1/1)
 Temple: D:4-7

Altars:


Message History

Found a gate leading back out of this place.
You slash the mummy!
The mummy is moderately damaged.
The mummy misses you.
You hit the mummy.
The mummy is severely damaged.
You hit the mummy.
You destroy the mummy!
You have reached level 6!
You hit the mummy.
The mummy is moderately damaged.
You hit the mummy but do no damage.
The mummy is moderately damaged.
You hit the mummy but do no damage.
The mummy is moderately damaged.
You hit the mummy but do no damage. The mummy closely misses you.
The mummy misses you.
You barely miss the mummy.
The mummy is moderately damaged.
You barely miss the mummy. You barely miss the mummy.
The mummy is moderately damaged.
You hit the mummy. The mummy barely misses you. You block the mummy's attack.
You hit the mummy.
The mummy is heavily damaged.
You hit the mummy but do no damage. The mummy hits you! x2
You hit the mummy but do no damage.
The mummy is heavily damaged.
You hit the mummy. You hit the mummy but do no damage.
The mummy is heavily damaged.
You hit the mummy but do no damage. The mummy misses you. The mummy hits you!
You hit the mummy.
The mummy is heavily damaged.
You hit the mummy. You block the mummy's attack. The mummy hits you!
You die...

#..#.#....#....#....#....#
#..#.#....#....#....#....#
#..'.#####################
#..###....# .. #..#.'....#
... #..#.#....# .?!?
#..'.#....# .??$!
#..########..!$\$
#..#.#...@MM.??$?
#..#.#...M#M..!??
#..'.'....# .....
#..###....# .... #..#
###### ### #..# #..+ #..#
#..#


You could see 4 mummies.

Vanquished Creatures
  An elf zombie (Ossuary)
  2 centaur zombies (Ossuary)
  A hound (D:5)
  An ogre zombie (Ossuary)
  A mummy (Ossuary)
  3 adders
  An adder zombie (Ossuary)
  3 goblin zombies (Ossuary)
  3 hobgoblin zombies (Ossuary)
  A kobold zombie (Ossuary)
  3 rat zombies (Ossuary)
20 creatures vanquished.

Notes
Turn   | Place    | Note
-------+----------+-------------------------------------------
     0 | D:5      | qw the Gargoyle Delver began the quest for the Orb.
     0 | D:5      | Reached XP level 1. HP: 14/14 MP: 1/1
     0 | D:5      | 0 ||| qw: Version: 0.1-a-116-g5d60599
     0 | D:5      | 0 ||| qw: Game counter: 7997
     0 | D:5      | 0 ||| qw: Always use a shield: true
     0 | D:5      | 0 ||| qw: God list: Okawaru
     0 | D:5      | 0 ||| qw: Allow faded altars: false
     0 | D:5      | 0 ||| qw: Do Orc after D:15 true
     0 | D:5      | 0 ||| qw: Do second Lair branch before Depths: true
     0 | D:5      | 0 ||| qw: Lair rune preference: random
     0 | D:5      | 0 ||| qw: Plans: Normal
     0 | D:5      | 0 ||| PLANNING D:1-11
     6 | D:5      | Noticed a hound
    18 | D:5      | Killed a hound
    19 | D:5      | Reached skill level 3 in Axes
    19 | D:5      | Reached XP level 2. HP: 11/19 MP: 2/2
    19 | D:5      | Reached XP level 3. HP: 14/23 MP: 3/3
   242 | D:5      | 242 ||| UPGRADING to +0 ring mail.
   252 | D:5      | 252 ||| DROPPING +0 leather armour.
   253 | D:5      | 253 ||| DROPPING scroll of fog.
   254 | D:5      | 254 ||| DROPPING scroll of magic mapping.
   255 | D:5      | 255 ||| DROPPING scroll of fear.
   279 | D:5      | 279 ||| STAIRDANCE
   281 | D:4      | 281 ||| PLANNING OSSUARY
   461 | D:4      | Reached XP level 4. HP: 27/28 MP: 4/4
   493 | D:4      | Found a sand-covered staircase.
   494 | D:4      | 494 ||| UPGRADING to amulet of reflection.
   499 | D:4      | 499 ||| READING 2 scrolls labelled EPLODIA FO FIY.
   500 | D:4      | 500 ||| DRINKING 2 viscous golden potions.
   520 | D:4      | 520 ||| DROPPING potion of lignification.
   530 | Ossuary  | Entered an ossuary
   538 | Ossuary  | 538 ||| Stepping ~*~*~tactically~*~*~ (stealth).
   540 | Ossuary  | 540 ||| Stepping ~*~*~tactically~*~*~ (stealth).
   562 | Ossuary  | 562 ||| Stepping ~*~*~tactically~*~*~ (stealth).
   564 | Ossuary  | 564 ||| Stepping ~*~*~tactically~*~*~ (stealth).
   566 | Ossuary  | 566 ||| Stepping ~*~*~tactically~*~*~ (stealth).
   568 | Ossuary  | 568 ||| Stepping ~*~*~tactically~*~*~ (stealth).
   570 | Ossuary  | 570 ||| Stepping ~*~*~tactically~*~*~ (stealth).
   572 | Ossuary  | 572 ||| Stepping ~*~*~tactically~*~*~ (stealth).
   574 | Ossuary  | 574 ||| Stepping ~*~*~tactically~*~*~ (stealth).
   576 | Ossuary  | 576 ||| Stepping ~*~*~tactically~*~*~ (stealth).
   578 | Ossuary  | 578 ||| Stepping ~*~*~tactically~*~*~ (stealth).
   637 | Ossuary  | 637 ||| Stepping ~*~*~tactically~*~*~ (stealth).
   682 | Ossuary  | Reached skill level 1 in Armour
   682 | Ossuary  | Reached XP level 5. HP: 23/32 MP: 5/5
   989 | Ossuary  | 989 ||| Stepping ~*~*~tactically~*~*~ (stealth).
   999 | Ossuary  | 999 ||| Stepping ~*~*~tactically~*~*~ (stealth).
  1001 | Ossuary  | 1001 ||| Stepping ~*~*~tactically~*~*~ (stealth).
  1003 | Ossuary  | 1003 ||| Stepping ~*~*~tactically~*~*~ (stealth).
  1005 | Ossuary  | 1005 ||| Stepping ~*~*~tactically~*~*~ (stealth).
  1007 | Ossuary  | 1007 ||| Stepping ~*~*~tactically~*~*~ (stealth).
  1214 | Ossuary  | 1214 ||| Stepping ~*~*~tactically~*~*~ (stealth).
  1216 | Ossuary  | 1216 ||| Stepping ~*~*~tactically~*~*~ (stealth).
  1236 | Ossuary  | Reached XP level 6. HP: 37/37 MP: 6/6
  1244 | Ossuary  | HP: 6/37 [mummy (9)]
  1245 | Ossuary  | Mangled by a mummy

Levels and vault maps discovered:
D:4:      layout_layer_cave, okawaru_gym_becter, old_standard_altar,
          lightli_ossuary_entry_decrepit_ruins
D:5:      layout_loops_ring
Ossuary:  ossuary_boxes_badplayer

Skill      XL: |  1  2  3  4  5 |
---------------+----------------+-----
Axes           | 3 4 5 |  5.0
Armour         | 1 |  1.8
Fighting       | |  3.5
Dodging        | |  1.5
Stealth        | |  5.4

Action                   |  1- 3 |  4- 6 || total
-------------------------+-------+-------++-------
Melee: Hand axe          |    33 |   122 ||   155
       Punch             |       |     5 ||     5
  Use: Scroll            |       |     1 ||     1
       Potion            |       |     1 ||     1
Armor: Leather armour    |     8 |       ||     8
       Ring mail         |     8 |    47 ||    55
Dodge: Dodged            |    20 |    51 ||    71
Block: Other             |       |    22 ||    22

Table legend:
 A = Non-vault XP
 B = Vault XP
 C = Vault XP percentage of total XP
 D = Non-vault monster count
 E = Vault monster count
 F = Vault count percentage of total count
                 A         B        C        D         E       F
            +---------+---------+-------+---------+---------+-------
      Total |      82 |     241 |  74.6 |       4 |      16 |  80.0
            +---------+---------+-------+---------+---------+-------
        D:4 |      13 |       0 |   0.0 |       1 |       0 |   0.0
        D:5 |      69 |       0 |   0.0 |       3 |       0 |   0.0
    Ossuary |       0 |     241 | 100.0 |       0 |      16 | 100.0
            +---------+---------+-------+---------+---------+-------
